Connexion

Marlies vs Griffins

Created - 16 janvier 2024 at 05:55

Goals
1 2 3 T
Marlies 1 2 0 3
Griffins 2 2 0 4
Shots
1 2 3 T
Marlies 12 9 8 29
Griffins 16 16 7 39

GoalsPenalties
1st period
1. Griffins , Tyler Benson 22 (Sasha Chmelevski 31) at 10:23
2. Marlies , Ian McCoshen 9 (Max McCormick 38, Josh Wesley 18) at 11:17
3. Griffins , Nick Merkley 21 (Jack Ahcan 27, Gabriel Carlsson 19) at 15:32
Fillip Zadina (GRG) for Interference (Minor) at 19:15
2nd period
4. Griffins , Tyler Benson 23 (Gabriel Carlsson 20, Jack Ahcan 28) at 4:20 (PP)
5. Griffins , Jake Walman 10 (Nick Merkley 33, Jack Dugan 2) at 4:57
6. Marlies , Cal O'Reilly 35 (Tim Schaller 28, Dominik Simon 25) at 10:31
7. Marlies , Victor Ejdsell 13 (Mathias Brome 15) at 15:06
Calvin De Haan (TOR) for Interference (Minor) at 3:37
Tim Schaller (TOR) for Cross-checking (Minor) at 7:23
A.J. Greer (GRG) for Interference (Minor) at 16:46
3rd period
No Goal
Victor Ejdsell (TOR) for High sticking (Minor) at 1:52
Ian McCoshen (TOR) for Tripping (Minor) at 4:43
Cal O'Reilly (TOR) for Roughing (Minor) at 16:31
Goalie Stats
Erik Kallgren (TOR), 35 saves from 39 shots - (0,897), L, 17-17-1, 60:00 minutes
Justus Annunen (GRG), 26 saves from 29 shots - (0,897), W, 27-18-5, 60:00 minutes
3 StarsOfficial
1 - Tyler Benson (GRG)
2 - Nick Merkley (GRG)
3 - Gabriel Carlsson (GRG)
Referees : Dennis LaRue and Marcus Vinnerberg
Linesman : Andy McElman and Lyle Seitz
Game Note
Tanner Laczynski is injured at 10:25 of 1st period (Left Leg)
Finance
Level 1 -- Attendance: 1460 (73,00%) -- Ticket Income $58,400
Level 2 -- Attendance: 876 (87,60%) -- Ticket Income $17,520
Total Attendance: 2336 (77,87%)
Total Ticket Income: $75,920
Other Income: $15,184
Total Income: $91,104



Team Name Goals Shots Shots Attemp Shots Blocked PIM HIT PP PK FO%
Marlies 32951710280 / 2 (0%)145%
Griffins 4397734181 / 5 (20%)055%

Marlies
Player Name POS G A P +/- PIM HIT SHT SB MP PP MP PP SHT PK MP PK SHT FO% FOT
Cal O'ReillyC1010205025:412:0103:38051% 35
Calvin De HaanD000-1241125:002:0104:3600% 0
Dominik SimonC/LW/RW0110026021:422:0115:030100% 1
Dylan BlujusD000-1020124:552:0104:3000% 0
Grant BesseLW/RW000-1000011:590:0000:20050% 2
Ian McCoshenD1010201018:311:5702:0600% 0
Josh WesleyD0110031219:161:5712:5000% 0
Kristian VesalainenLW/RW0001032017:381:5700:0000% 2
Loui ErikssonLW/RW0001014117:381:5710:000100% 1
Mathias Brome LW011-1012015:110:0003:32050% 2
Max McCormickC/LW0111052019:321:5701:54041% 22
Mitchell HeardC000002105:250:0000:00038% 8
Skyler McKenzieLW000000005:250:0000:0000% 0
Tim McGauleyC000000000:000:0000:0000% 0
Tim SchallerC/LW/RW0110210119:292:0102:5100% 1
Tyler LewingtonD0001020115:410:0001:1100% 0
Victor EjdsellC101-1214011:380:0000:00036% 11
Yegor RykovD0001010016:350:0002:0500% 0
Griffins
Player Name POS G A P +/- PIM HIT SHT SB MP PP MP PP SHT PK MP PK SHT FO% FOT
A.J. GreerLW000-1230010:510:0000:13050% 10
Aidan DudasC/LW000000001:190:0000:0000% 0
Alexander TrueC000-102008:240:0000:00050% 12
Dylan CoghlanD0000011026:184:3902:2200% 0
Fillip ZadinaRW0000204025:344:2601:08050% 2
Gabriel CarlssonD0222001019:374:0011:3600% 0
Jack AhcanD0222004019:374:0031:3600% 0
Jack DuganLW0111042021:074:1310:000100% 2
Jacob LarssonD000-2000114:050:0000:0000% 0
Jake WalmanD1010011126:184:3902:2200% 0
Marc McLaughlinC0001006021:074:1320:00052% 27
Nick MerkleyRW1121025021:584:1320:51060% 5
Otto KoivulaC/LW000-101108:470:0000:230100% 1
Parker WotherspoonD000-2021114:050:0000:0000% 0
Pavel DorofeyevLW/RW000-1003012:210:0000:0000% 1
Sasha ChmelevskiC/RW0111015016:374:2622:27064% 22
Tanner LaczynskiC000000102:300:0000:00050% 2
Tyler BensonLW2020014025:254:2612:5400% 1



Play-by-Play

1st period


0:01 of 1st period - Sasha Chmelevski wins face-off versus Cal O'Reilly in neutral zone.
0:21 of 1st period - Shot by Sasha Chmelevski.
0:21 of 1st period - Stopped by Erik Kallgren without a rebound.
0:22 of 1st period - Loui Eriksson wins face-off versus Nick Merkley in Marlies zone.
0:55 of 1st period - Shot by Nick Merkley.
0:55 of 1st period - Shot Misses the Net.
1:44 of 1st period - Shot by Tanner Laczynski.
1:44 of 1st period - Deflect By Pavel Dorofeyev.
1:44 of 1st period - Stopped by Erik Kallgren with a rebound.
1:46 of 1st period - Shot by Tanner Laczynski.
1:46 of 1st period - Shot Misses the Net.
1:48 of 1st period - Shot by Parker Wotherspoon.
1:48 of 1st period - Shot Blocked by Tyler Lewington.
1:50 of 1st period - Shot by Pavel Dorofeyev.
1:50 of 1st period - Stopped by Erik Kallgren without a rebound.
1:51 of 1st period - Cal O'Reilly wins face-off versus Alexander True in Marlies zone.
2:00 of 1st period - Shot by Dominik Simon.
2:00 of 1st period - Stopped by Justus Annunen without a rebound.
2:01 of 1st period - Mitchell Heard wins face-off versus Sasha Chmelevski in Griffins zone.
2:10 of 1st period - Shot by Mitchell Heard.
2:10 of 1st period - Shot Misses the Net.
2:12 of 1st period - Shot by Cal O'Reilly.
2:12 of 1st period - Stopped by Justus Annunen with a rebound.
2:14 of 1st period - Shot by Skyler McKenzie.
2:14 of 1st period - Shot Misses the Net.
2:16 of 1st period - Shot by Cal O'Reilly.
2:16 of 1st period - Shot Blocked by Jake Walman.
2:18 of 1st period - Shot by Calvin De Haan.
2:18 of 1st period - Stopped by Justus Annunen without a rebound.
2:19 of 1st period - Max McCormick wins face-off versus Alexander True in Griffins zone.
2:22 of 1st period - Shot by Max McCormick.
2:22 of 1st period - Stopped by Justus Annunen without a rebound.
2:23 of 1st period - Sasha Chmelevski wins face-off versus Cal O'Reilly in Griffins zone.
2:29 of 1st period - Fillip Zadina is hit by Tim Schaller and loses puck.
2:48 of 1st period - Shot by Fillip Zadina.
2:48 of 1st period - Shot Misses the Net.
2:50 of 1st period - Shot by Fillip Zadina.
2:50 of 1st period - Shot Blocked by Dylan Blujus.
2:52 of 1st period - Shot by Sasha Chmelevski.
2:52 of 1st period - Stopped by Erik Kallgren without a rebound.
2:53 of 1st period - Max McCormick wins face-off versus Marc McLaughlin in Marlies zone.
3:14 of 1st period - Ian McCoshen is hit by Jack Dugan and loses puck.
4:02 of 1st period - Shot by Pavel Dorofeyev.
4:02 of 1st period - Deflect By Tanner Laczynski.
4:02 of 1st period - Stopped by Erik Kallgren with a rebound.
4:04 of 1st period - Shot by Dylan Coghlan.
4:04 of 1st period - Stopped by Erik Kallgren without a rebound.
4:05 of 1st period - Otto Koivula wins face-off versus Tim Schaller in Marlies zone.
4:28 of 1st period - Shot by Dominik Simon.
4:28 of 1st period - Stopped by Justus Annunen without a rebound.
4:29 of 1st period - Victor Ejdsell wins face-off versus Tanner Laczynski in Griffins zone.
5:35 of 1st period - Shot by Tyler Benson.
5:35 of 1st period - Stopped by Erik Kallgren without a rebound.
5:36 of 1st period - Marc McLaughlin wins face-off versus Cal O'Reilly in Marlies zone.
5:53 of 1st period - Shot by Nick Merkley.
5:53 of 1st period - Deflect By Marc McLaughlin.
5:53 of 1st period - Stopped by Erik Kallgren without a rebound.
5:54 of 1st period - Max McCormick wins face-off versus Alexander True in Marlies zone.
5:54 of 1st period - Max McCormick is hit by Alexander True.
6:16 of 1st period - Shot by Kristian Vesalainen.
6:16 of 1st period - Stopped by Justus Annunen without a rebound.
6:17 of 1st period - Marc McLaughlin wins face-off versus Cal O'Reilly in Griffins zone.
6:23 of 1st period - Icing by Jake Walman.
6:24 of 1st period - Marc McLaughlin wins face-off versus Cal O'Reilly in Griffins zone.
6:40 of 1st period - Shot by Marc McLaughlin.
6:40 of 1st period - Stopped by Erik Kallgren with a rebound.
6:52 of 1st period - Shot by Marc McLaughlin.
6:52 of 1st period - Shot Misses the Net.
7:20 of 1st period - Shot by Sasha Chmelevski.
7:20 of 1st period - Shot Misses the Net.
7:32 of 1st period - Fillip Zadina is hit by Dominik Simon and loses puck.
7:46 of 1st period - Fillip Zadina is hit by Calvin De Haan and loses puck.
8:36 of 1st period - Shot by A.J. Greer.
8:36 of 1st period - Shot Hit the Post.
8:38 of 1st period - Shot by Parker Wotherspoon.
8:38 of 1st period - Shot Misses the Net.
8:45 of 1st period - Icing by Loui Eriksson.
8:46 of 1st period - Max McCormick wins face-off versus Marc McLaughlin in Marlies zone.
9:37 of 1st period - Icing by Dylan Coghlan.
9:38 of 1st period - Marc McLaughlin wins face-off versus Victor Ejdsell in Griffins zone.
10:12 of 1st period - Sasha Chmelevski is hit by Tyler Lewington and loses puck.
10:23 of 1st period - Shot by Tyler Benson.
10:23 of 1st period - Goal by Tyler Benson - Marlies : 0 - Griffins : 1.
10:24 of 1st period - Tanner Laczynski wins face-off versus Mitchell Heard in neutral zone.
10:24 of 1st period - Tanner Laczynski is hit by Mitchell Heard.
10:25 of 1st period - Tanner Laczynski from Griffins is injured at 10:25 of 1st period (Left Leg).
10:26 of 1st period - Alexander True wins face-off versus Mitchell Heard in neutral zone.
10:50 of 1st period - Shot by Skyler McKenzie.
10:50 of 1st period - Shot Misses the Net.
10:52 of 1st period - Shot by Dylan Blujus.
10:52 of 1st period - Shot Blocked by Jacob Larsson.
10:54 of 1st period - Shot by Mitchell Heard.
10:54 of 1st period - Shot Misses the Net.
11:06 of 1st period - Josh Wesley is hit by Alexander True and loses puck.
11:17 of 1st period - Shot by Ian McCoshen.
11:17 of 1st period - Goal by Ian McCoshen - Marlies : 1 - Griffins : 1.
11:18 of 1st period - Victor Ejdsell wins face-off versus A.J. Greer in neutral zone.
12:22 of 1st period - Off-side.
12:23 of 1st period - Cal O'Reilly wins face-off versus Alexander True in neutral zone.
12:46 of 1st period - Shot by Cal O'Reilly.
12:46 of 1st period - Shot Blocked by Parker Wotherspoon.
12:48 of 1st period - Shot by Dominik Simon.
12:48 of 1st period - Stopped by Justus Annunen without a rebound.
12:49 of 1st period - Marc McLaughlin wins face-off versus Max McCormick in Griffins zone.
13:04 of 1st period - Shot by Jack Dugan.
13:04 of 1st period - Shot Blocked by Josh Wesley.
13:06 of 1st period - Shot by Jack Ahcan.
13:06 of 1st period - Stopped by Erik Kallgren without a rebound.
13:07 of 1st period - Sasha Chmelevski wins face-off versus Mitchell Heard in Marlies zone.
13:07 of 1st period - Sasha Chmelevski is hit by Calvin De Haan.
13:13 of 1st period - Shot by Fillip Zadina.
13:13 of 1st period - Stopped by Erik Kallgren with a rebound.
13:23 of 1st period - Jake Walman is hit by Mitchell Heard and loses puck.
14:19 of 1st period - Shot by Loui Eriksson.
14:19 of 1st period - Stopped by Justus Annunen with a rebound.
14:21 of 1st period - Shot by Kristian Vesalainen.
14:21 of 1st period - Shot Misses the Net.
14:23 of 1st period - Shot by Loui Eriksson.
14:23 of 1st period - Stopped by Justus Annunen with a rebound.
14:25 of 1st period - Shot by Kristian Vesalainen.
14:25 of 1st period - Shot Misses the Net.
15:02 of 1st period - Shot by Mathias Brome .
15:02 of 1st period - Stopped by Justus Annunen without a rebound.
15:03 of 1st period - Marc McLaughlin wins face-off versus Cal O'Reilly in Griffins zone.
15:32 of 1st period - Shot by Nick Merkley.
15:32 of 1st period - Goal by Nick Merkley - Marlies : 1 - Griffins : 2.
15:33 of 1st period - Max McCormick wins face-off versus Marc McLaughlin in neutral zone.
15:44 of 1st period - Icing by Jacob Larsson.
15:45 of 1st period - Marc McLaughlin wins face-off versus Victor Ejdsell in Griffins zone.
15:45 of 1st period - Nick Merkley is hit by Victor Ejdsell and loses puck.
15:58 of 1st period - Shot by Marc McLaughlin.
15:58 of 1st period - Shot Misses the Net.
16:00 of 1st period - Shot by Marc McLaughlin.
16:00 of 1st period - Shot Misses the Net.
16:02 of 1st period - Shot by Marc McLaughlin.
16:02 of 1st period - Stopped by Erik Kallgren without a rebound.
16:03 of 1st period - A.J. Greer wins face-off versus Cal O'Reilly in Marlies zone.
16:18 of 1st period - Shot by Dominik Simon.
16:18 of 1st period - Shot Misses the Net.
16:33 of 1st period - Shot by Cal O'Reilly.
16:33 of 1st period - Stopped by Justus Annunen without a rebound.
16:34 of 1st period - Jack Dugan wins face-off versus Max McCormick in Griffins zone.
17:25 of 1st period - Fillip Zadina is hit by Max McCormick and loses puck.
17:34 of 1st period - Pavel Dorofeyev is hit by Max McCormick and loses puck.
17:45 of 1st period - Shot by Fillip Zadina.
17:45 of 1st period - Shot Blocked by Tim Schaller.
17:47 of 1st period - Shot by A.J. Greer.
17:47 of 1st period - Shot Misses the Net.
17:49 of 1st period - Shot by Fillip Zadina.
17:49 of 1st period - Stopped by Erik Kallgren without a rebound.
17:50 of 1st period - Alexander True wins face-off versus Mitchell Heard in Marlies zone.
17:55 of 1st period - Shot by Otto Koivula.
17:55 of 1st period - Shot Misses the Net.
18:59 of 1st period - Shot by Mathias Brome .
18:59 of 1st period - Shot Misses the Net.
19:04 of 1st period - Gabriel Carlsson is hit by Tyler Lewington.
19:06 of 1st period - Shot by Pavel Dorofeyev.
19:06 of 1st period - Deflect By Fillip Zadina.
19:06 of 1st period - Stopped by Erik Kallgren with a rebound.
19:08 of 1st period - Shot by Fillip Zadina.
19:08 of 1st period - Shot Misses the Net.
19:15 of 1st period - Minor Penalty to Fillip Zadina for Interference.
19:16 of 1st period - Sasha Chmelevski wins face-off versus Max McCormick in Griffins zone.
19:16 of 1st period - Sasha Chmelevski is hit by Kristian Vesalainen.
Goals for this period are 1 for Marlies vs 2 for Griffins.
Shots for this period are 12 for Marlies vs 16 for Griffins.

2nd period


0:01 of 2nd period - Cal O'Reilly wins face-off versus Sasha Chmelevski in neutral zone.
0:14 of 2nd period - Shot by Calvin De Haan.
0:14 of 2nd period - Shot Misses the Net.
0:23 of 2nd period - Icing by Dominik Simon.
0:24 of 2nd period - Cal O'Reilly wins face-off versus Sasha Chmelevski in Marlies zone.
0:47 of 2nd period - Shot by Tim Schaller.
0:47 of 2nd period - Deflect By Dominik Simon.
0:47 of 2nd period - Stopped by Justus Annunen with a rebound.
2:13 of 2nd period - Fillip Zadina is hit by Max McCormick and loses puck.
2:21 of 2nd period - Loui Eriksson is hit by A.J. Greer and loses puck.
3:05 of 2nd period - Mathias Brome is hit by Jake Walman and loses puck.
3:24 of 2nd period - Icing by Tyler Benson.
3:25 of 2nd period - Alexander True wins face-off versus Mitchell Heard in Griffins zone.
3:32 of 2nd period - Shot by Tyler Benson.
3:32 of 2nd period - Shot Misses the Net.
3:36 of 2nd period - Shot by Alexander True.
3:36 of 2nd period - Shot Misses the Net.
3:37 of 2nd period - Minor Penalty to Calvin De Haan for Interference.
3:38 of 2nd period - Marc McLaughlin wins face-off versus Cal O'Reilly in Marlies zone.
3:44 of 2nd period - Shot by Marc McLaughlin.
3:44 of 2nd period - Shot Misses the Net.
3:46 of 2nd period - Shot by Jack Ahcan.
3:46 of 2nd period - Stopped by Erik Kallgren without a rebound.
3:47 of 2nd period - Cal O'Reilly wins face-off versus Marc McLaughlin in Marlies zone.
3:57 of 2nd period - Shot by Jack Dugan.
3:57 of 2nd period - Stopped by Erik Kallgren without a rebound.
3:58 of 2nd period - Sasha Chmelevski wins face-off versus Cal O'Reilly in Marlies zone.
4:12 of 2nd period - Shot by Sasha Chmelevski.
4:12 of 2nd period - Stopped by Erik Kallgren with a rebound.
4:14 of 2nd period - Shot by Gabriel Carlsson.
4:14 of 2nd period - Stopped by Erik Kallgren with a rebound.
4:16 of 2nd period - Shot by Jack Ahcan.
4:16 of 2nd period - Stopped by Erik Kallgren with a rebound.
4:18 of 2nd period - Shot by Gabriel Carlsson.
4:18 of 2nd period - Shot Misses the Net.
4:20 of 2nd period - Shot by Tyler Benson.
4:20 of 2nd period - Goal by Tyler Benson - Marlies : 1 - Griffins : 3.
4:21 of 2nd period - Jack Dugan wins face-off versus Victor Ejdsell in neutral zone.
4:24 of 2nd period - Ian McCoshen is hit by Jack Dugan and loses puck.
4:49 of 2nd period - Mathias Brome is hit by Jack Dugan.
4:55 of 2nd period - Shot by Nick Merkley.
4:55 of 2nd period - Stopped by Erik Kallgren with a rebound.
4:57 of 2nd period - Shot by Jake Walman.
4:57 of 2nd period - Goal by Jake Walman - Marlies : 1 - Griffins : 4.
4:58 of 2nd period - Cal O'Reilly wins face-off versus Sasha Chmelevski in neutral zone.
5:28 of 2nd period - Shot by Fillip Zadina.
5:28 of 2nd period - Shot Misses the Net.
5:32 of 2nd period - Shot by Tyler Benson.
5:32 of 2nd period - Stopped by Erik Kallgren with a rebound.
5:56 of 2nd period - Shot by Nick Merkley.
5:56 of 2nd period - Shot Hit the Post.
5:58 of 2nd period - Shot by Marc McLaughlin.
5:58 of 2nd period - Stopped by Erik Kallgren with a rebound.
6:00 of 2nd period - Shot by Marc McLaughlin.
6:00 of 2nd period - Shot Misses the Net.
6:02 of 2nd period - Shot by Parker Wotherspoon.
6:02 of 2nd period - Stopped by Erik Kallgren without a rebound.
6:03 of 2nd period - A.J. Greer wins face-off versus Max McCormick in Marlies zone.
6:03 of 2nd period - A.J. Greer is hit by Yegor Rykov.
6:11 of 2nd period - Yegor Rykov is hit by A.J. Greer and loses puck.
6:20 of 2nd period - Shot by Max McCormick.
6:20 of 2nd period - Stopped by Justus Annunen without a rebound.
6:21 of 2nd period - Nick Merkley wins face-off versus Victor Ejdsell in Griffins zone.
6:27 of 2nd period - Icing by Nick Merkley.
6:28 of 2nd period - Marc McLaughlin wins face-off versus Max McCormick in Griffins zone.
7:14 of 2nd period - Icing by Jacob Larsson.
7:15 of 2nd period - Cal O'Reilly wins face-off versus Marc McLaughlin in Griffins zone.
7:23 of 2nd period - Minor Penalty to Tim Schaller for Cross-checking.
7:24 of 2nd period - Sasha Chmelevski wins face-off versus Cal O'Reilly in Marlies zone.
7:49 of 2nd period - Shot by Fillip Zadina.
7:49 of 2nd period - Shot Misses the Net.
7:51 of 2nd period - Shot by Jake Walman.
7:51 of 2nd period - Shot Blocked by Calvin De Haan.
7:53 of 2nd period - Shot by Fillip Zadina.
7:53 of 2nd period - Deflect By Sasha Chmelevski.
7:53 of 2nd period - Stopped by Erik Kallgren with a rebound.
8:22 of 2nd period - Icing by Jack Ahcan.
8:23 of 2nd period - Nick Merkley wins face-off versus Cal O'Reilly in Griffins zone.
8:54 of 2nd period - Shot by Jack Ahcan.
8:54 of 2nd period - Stopped by Erik Kallgren without a rebound.
8:55 of 2nd period - Sasha Chmelevski wins face-off versus Max McCormick in Marlies zone.
9:29 of 2nd period - Shot by Fillip Zadina.
9:29 of 2nd period - Stopped by Erik Kallgren without a rebound.
9:30 of 2nd period - Alexander True wins face-off versus Grant Besse in Marlies zone.
9:39 of 2nd period - Mathias Brome is hit by Otto Koivula and loses puck.
10:21 of 2nd period - Off-side.
10:22 of 2nd period - Cal O'Reilly wins face-off versus Marc McLaughlin in neutral zone.
10:29 of 2nd period - Shot by Tim Schaller.
10:29 of 2nd period - Shot Misses the Net.
10:31 of 2nd period - Shot by Cal O'Reilly.
10:31 of 2nd period - Goal by Cal O'Reilly - Marlies : 2 - Griffins : 4.
10:32 of 2nd period - Cal O'Reilly wins face-off versus Pavel Dorofeyev in neutral zone.
10:54 of 2nd period - Shot by Cal O'Reilly.
10:54 of 2nd period - Stopped by Justus Annunen without a rebound.
10:55 of 2nd period - Marc McLaughlin wins face-off versus Max McCormick in Griffins zone.
11:06 of 2nd period - Shot by Jacob Larsson.
11:06 of 2nd period - Shot Misses the Net.
11:08 of 2nd period - Shot by Nick Merkley.
11:08 of 2nd period - Shot Blocked by Loui Eriksson.
11:20 of 2nd period - Shot by Marc McLaughlin.
11:20 of 2nd period - Shot Misses the Net.
11:33 of 2nd period - Dylan Blujus is hit by Parker Wotherspoon and loses puck.
11:54 of 2nd period - Shot by Pavel Dorofeyev.
11:54 of 2nd period - Stopped by Erik Kallgren without a rebound.
11:55 of 2nd period - Sasha Chmelevski wins face-off versus Cal O'Reilly in Marlies zone.
12:20 of 2nd period - Shot by Sasha Chmelevski.
12:20 of 2nd period - Stopped by Erik Kallgren without a rebound.
12:21 of 2nd period - Alexander True wins face-off versus Victor Ejdsell in Marlies zone.
12:53 of 2nd period - Shot by Mathias Brome .
12:53 of 2nd period - Shot Misses the Net.
12:55 of 2nd period - Shot by Victor Ejdsell.
12:55 of 2nd period - Shot Misses the Net.
13:22 of 2nd period - Icing by Ian McCoshen.
13:23 of 2nd period - Cal O'Reilly wins face-off versus Marc McLaughlin in Marlies zone.
13:28 of 2nd period - Ian McCoshen is hit by Jack Dugan and loses puck.
14:18 of 2nd period - Icing by Jacob Larsson.
14:19 of 2nd period - A.J. Greer wins face-off versus Max McCormick in Griffins zone.
14:31 of 2nd period - Dylan Blujus is hit by Parker Wotherspoon and loses puck.
15:00 of 2nd period - Icing by Fillip Zadina.
15:01 of 2nd period - Victor Ejdsell wins face-off versus A.J. Greer in Griffins zone.
15:06 of 2nd period - Shot by Victor Ejdsell.
15:06 of 2nd period - Goal by Victor Ejdsell - Marlies : 3 - Griffins : 4.
15:07 of 2nd period - Victor Ejdsell wins face-off versus Nick Merkley in neutral zone.
15:23 of 2nd period - Grant Besse is hit by Nick Merkley and loses puck.
16:46 of 2nd period - Minor Penalty to A.J. Greer for Interference.
16:47 of 2nd period - Fillip Zadina wins face-off versus Kristian Vesalainen in Griffins zone.
17:01 of 2nd period - Off-side.
17:02 of 2nd period - Max McCormick wins face-off versus Fillip Zadina in neutral zone.
17:14 of 2nd period - Icing by Ian McCoshen.
17:15 of 2nd period - Sasha Chmelevski wins face-off versus Kristian Vesalainen in Marlies zone.
17:21 of 2nd period - Nick Merkley is hit by Josh Wesley and loses puck.
17:29 of 2nd period - Kristian Vesalainen is hit by Dylan Coghlan and loses puck.
17:41 of 2nd period - Shot by Max McCormick.
17:41 of 2nd period - Deflect By Loui Eriksson.
17:41 of 2nd period - Stopped by Justus Annunen with a rebound.
17:43 of 2nd period - Shot by Josh Wesley.
17:43 of 2nd period - Stopped by Justus Annunen with a rebound.
18:11 of 2nd period - Tim Schaller is hit by Tyler Benson and loses puck.
18:37 of 2nd period - Icing by Kristian Vesalainen.
18:38 of 2nd period - Sasha Chmelevski wins face-off versus Max McCormick in Marlies zone.
19:17 of 2nd period - Shot by Mathias Brome .
19:17 of 2nd period - Stopped by Justus Annunen without a rebound.
19:18 of 2nd period - Mitchell Heard wins face-off versus Alexander True in Griffins zone.
19:45 of 2nd period - Shot by Cal O'Reilly.
19:45 of 2nd period - Stopped by Justus Annunen with a rebound.
19:47 of 2nd period - Shot by Cal O'Reilly.
19:47 of 2nd period - Shot Hit the Post.
19:49 of 2nd period - Shot by Cal O'Reilly.
19:49 of 2nd period - Deflect By Skyler McKenzie.
19:49 of 2nd period - Shot Misses the Net.
19:51 of 2nd period - Shot by Cal O'Reilly.
19:51 of 2nd period - Shot Misses the Net.
Goals for this period are 2 for Marlies vs 2 for Griffins.
Shots for this period are 9 for Marlies vs 16 for Griffins.

3rd period


0:01 of 3rd period - Sasha Chmelevski wins face-off versus Cal O'Reilly in neutral zone.
0:14 of 3rd period - Shot by Tyler Benson.
0:14 of 3rd period - Shot Misses the Net.
0:31 of 3rd period - Fillip Zadina is hit by Calvin De Haan and loses puck.
1:23 of 3rd period - Icing by Gabriel Carlsson.
1:24 of 3rd period - Marc McLaughlin wins face-off versus Max McCormick in Griffins zone.
1:24 of 3rd period - Marc McLaughlin is hit by Kristian Vesalainen.
1:34 of 3rd period - Shot by Jack Dugan.
1:34 of 3rd period - Stopped by Erik Kallgren without a rebound.
1:35 of 3rd period - A.J. Greer wins face-off versus Victor Ejdsell in Marlies zone.
1:52 of 3rd period - Minor Penalty to Victor Ejdsell for High sticking.
1:53 of 3rd period - Marc McLaughlin wins face-off versus Cal O'Reilly in Marlies zone.
1:58 of 3rd period - Shot by Gabriel Carlsson.
1:58 of 3rd period - Shot Misses the Net.
2:00 of 3rd period - Shot by Marc McLaughlin.
2:00 of 3rd period - Stopped by Erik Kallgren without a rebound.
2:01 of 3rd period - Cal O'Reilly wins face-off versus Marc McLaughlin in Marlies zone.
2:01 of 3rd period - Cal O'Reilly is hit by Nick Merkley.
2:10 of 3rd period - Nick Merkley is hit by Josh Wesley and loses puck.
2:15 of 3rd period - Shot by Jack Dugan.
2:15 of 3rd period - Shot Blocked by Josh Wesley.
3:03 of 3rd period - Shot by Jack Ahcan.
3:03 of 3rd period - Shot Misses the Net.
3:05 of 3rd period - Shot by Tyler Benson.
3:05 of 3rd period - Shot Misses the Net.
3:51 of 3rd period - Shot by Marc McLaughlin.
3:51 of 3rd period - Stopped by Erik Kallgren without a rebound.
3:52 of 3rd period - A.J. Greer wins face-off versus Max McCormick in Marlies zone.
3:58 of 3rd period - Fillip Zadina is hit by Josh Wesley and loses puck.
4:05 of 3rd period - Shot by Josh Wesley.
4:05 of 3rd period - Shot Misses the Net.
4:11 of 3rd period - Shot by Kristian Vesalainen.
4:11 of 3rd period - Stopped by Justus Annunen with a rebound.
4:43 of 3rd period - Minor Penalty to Ian McCoshen for Tripping.
4:44 of 3rd period - Dominik Simon wins face-off versus Marc McLaughlin in Marlies zone.
5:14 of 3rd period - Shot by Nick Merkley.
5:14 of 3rd period - Shot Misses the Net.
5:16 of 3rd period - Shot by Nick Merkley.
5:16 of 3rd period - Stopped by Erik Kallgren without a rebound.
5:17 of 3rd period - Cal O'Reilly wins face-off versus Sasha Chmelevski in Marlies zone.
5:17 of 3rd period - Cal O'Reilly is hit by Sasha Chmelevski.
5:41 of 3rd period - Shot by Sasha Chmelevski.
5:41 of 3rd period - Shot Misses the Net.
6:19 of 3rd period - Jake Walman is hit by Mathias Brome and loses puck.
6:33 of 3rd period - Icing by Nick Merkley.
6:34 of 3rd period - Cal O'Reilly wins face-off versus Marc McLaughlin in Griffins zone.
6:49 of 3rd period - Shot by Max McCormick.
6:49 of 3rd period - Shot Misses the Net.
7:50 of 3rd period - Ian McCoshen is hit by A.J. Greer and loses puck.
8:42 of 3rd period - Icing by Jack Dugan.
8:43 of 3rd period - Max McCormick wins face-off versus Marc McLaughlin in Griffins zone.
8:49 of 3rd period - Icing by Jack Ahcan.
8:50 of 3rd period - Cal O'Reilly wins face-off versus Marc McLaughlin in Griffins zone.
9:02 of 3rd period - Icing by Gabriel Carlsson.
9:03 of 3rd period - Marc McLaughlin wins face-off versus Max McCormick in Griffins zone.
9:03 of 3rd period - Marc McLaughlin is hit by Loui Eriksson.
9:08 of 3rd period - Jack Dugan is hit by Calvin De Haan and loses puck.
9:29 of 3rd period - Shot by Otto Koivula.
9:29 of 3rd period - Stopped by Erik Kallgren without a rebound.
9:30 of 3rd period - Sasha Chmelevski wins face-off versus Cal O'Reilly in Marlies zone.
10:00 of 3rd period - Icing by Yegor Rykov.
10:01 of 3rd period - Cal O'Reilly wins face-off versus A.J. Greer in Marlies zone.
10:34 of 3rd period - Shot by Fillip Zadina.
10:34 of 3rd period - Shot Misses the Net.
10:49 of 3rd period - Icing by Jacob Larsson.
10:50 of 3rd period - Mathias Brome wins face-off versus A.J. Greer in Griffins zone.
11:15 of 3rd period - Icing by Jake Walman.
11:16 of 3rd period - Max McCormick wins face-off versus Marc McLaughlin in Griffins zone.
11:34 of 3rd period - Shot by Nick Merkley.
11:34 of 3rd period - Stopped by Erik Kallgren without a rebound.
11:35 of 3rd period - Alexander True wins face-off versus Cal O'Reilly in Marlies zone.
12:02 of 3rd period - Shot by Dominik Simon.
12:02 of 3rd period - Shot Misses the Net.
12:04 of 3rd period - Shot by Dominik Simon.
12:04 of 3rd period - Stopped by Justus Annunen without a rebound.
12:05 of 3rd period - Marc McLaughlin wins face-off versus Max McCormick in Griffins zone.
12:05 of 3rd period - Marc McLaughlin is hit by Max McCormick.
12:08 of 3rd period - Nick Merkley is hit by Max McCormick.
12:25 of 3rd period - Nick Merkley is hit by Dylan Blujus.
12:41 of 3rd period - Shot by Loui Eriksson.
12:41 of 3rd period - Stopped by Justus Annunen without a rebound.
12:42 of 3rd period - Cal O'Reilly wins face-off versus Sasha Chmelevski in Griffins zone.
12:45 of 3rd period - Shot by Dominik Simon.
12:45 of 3rd period - Stopped by Justus Annunen without a rebound.
12:46 of 3rd period - Cal O'Reilly wins face-off versus Sasha Chmelevski in Griffins zone.
12:54 of 3rd period - Icing by Tyler Benson.
12:55 of 3rd period - Sasha Chmelevski wins face-off versus Cal O'Reilly in Griffins zone.
13:12 of 3rd period - Jack Ahcan is hit by Dominik Simon and loses puck.
14:33 of 3rd period - Shot by Max McCormick.
14:33 of 3rd period - Shot Misses the Net.
14:50 of 3rd period - Icing by Dylan Blujus.
14:51 of 3rd period - Max McCormick wins face-off versus A.J. Greer in Marlies zone.
14:58 of 3rd period - Jacob Larsson is hit by Kristian Vesalainen and loses puck.
15:39 of 3rd period - Shot by Victor Ejdsell.
15:39 of 3rd period - Stopped by Justus Annunen without a rebound.
15:40 of 3rd period - Grant Besse wins face-off versus Tyler Benson in Griffins zone.
15:57 of 3rd period - Shot by Victor Ejdsell.
15:57 of 3rd period - Stopped by Justus Annunen without a rebound.
15:58 of 3rd period - Mitchell Heard wins face-off versus Sasha Chmelevski in Griffins zone.
16:11 of 3rd period - Shot by Cal O'Reilly.
16:11 of 3rd period - Deflect By Mitchell Heard.
16:11 of 3rd period - Stopped by Justus Annunen without a rebound.
16:12 of 3rd period - Nick Merkley wins face-off versus Victor Ejdsell in Griffins zone.
16:26 of 3rd period - Shot by Victor Ejdsell.
16:26 of 3rd period - Stopped by Justus Annunen without a rebound.
16:27 of 3rd period - Cal O'Reilly wins face-off versus Alexander True in Griffins zone.
16:31 of 3rd period - Minor Penalty to Cal O'Reilly for Roughing.
16:32 of 3rd period - Sasha Chmelevski wins face-off versus Mathias Brome in Marlies zone.
16:56 of 3rd period - Tyler Benson is hit by Dylan Blujus and loses puck.
17:39 of 3rd period - Shot by Nick Merkley.
17:39 of 3rd period - Stopped by Erik Kallgren with a rebound.
18:22 of 3rd period - Shot by Sasha Chmelevski.
18:22 of 3rd period - Shot Misses the Net.
19:52 of 3rd period - Shot by Tyler Benson.
19:52 of 3rd period - Shot Misses the Net.
Goals for this period are 0 for Marlies vs 0 for Griffins.
Shots for this period are 8 for Marlies vs 7 for Griffins.